 Dungeon Crawl Stone Soup version 0.30.1-11-g7821555f0a (webtiles) character file.

Game seed: 2916231664644242736

198 Unglued128 the Grave Robber (level 5, -4/38 HPs)
             Began as a Gnoll Necromancer on Nov 15, 2023.
             Slain by Crazy Yiuf
             ... wielding a +4 quarterstaff of chaos
              (7 damage)
             ... on level 2 of the Dungeon on Nov 16, 2023.
             The game lasted 00:11:02 (1452 turns).

Unglued128 the Grave Robber (Gnoll Necromancer)     Turns: 1452, Time: 00:11:04

Health: -4/38      AC:  4    Str:  8    XL:     5   Next: 77%
Magic:  6/12       EV: 13    Int: 22    God:
Gold:   122        SH:  0    Dex: 12    Spells: 10/14 levels left

rFire   + . .        g - +0 whip
rCold   + + .        (no shield)
rNeg    . . .        a - +0 robe
rPois   +            r - +0 helmet
rElec   +            (no cloak)
rCorr   +            (no gloves)
SInv    .            d - +0 pair of boots
Will    .....        (no amulet)
Stlth   +++          j - +6 ring of intelligence
HPRegen 0.26/turn    k - ring of protection from cold
MPRegen 0.13/turn

%: no passive effects
@: resistant
A: fangs 1, strong nose, distributed training
a: no special abilities


You were on level 2 of the Dungeon.
You visited 1 branch of the dungeon, and saw 2 of its levels.

You collected 122 gold pieces.

Inventory:

Hand Weapons
 g - a +0 whip (weapon)
Missiles
 q - 4 poisoned darts (quivered)
Armour
 a - a +0 robe (worn)
 d - a +0 pair of boots (worn)
 r - a +0 helmet (worn)
Jewellery
 j - a +6 ring of intelligence (left hand)
 k - a ring of protection from cold (right hand)
 o - a +6 ring of strength
Wands
 s - a wand of flame (13)
Scrolls
 c - 4 scrolls of teleportation {unknown}
 e - 6 scrolls of identify {unknown}
 h - a scroll of magic mapping {unknown}
 m - a scroll of blinking {unknown}
 n - a scroll of amnesia {unknown}
 p - a scroll of immolation {unknown}
Potions
 b - a potion of magic
 f - 2 potions of haste {unknown}
 i - a potion of curing
 l - 2 potions of heal wounds {unknown}


   Skills:
 + Level 1.7 Fighting
 + Level 1.7 Short Blades
 + Level 1.7 Long Blades
 + Level 1.7 Axes
 + Level 1.7 Maces & Flails
 + Level 1.7 Polearms
 + Level 1.7 Staves
 + Level 1.7 Ranged Weapons
 + Level 1.7 Throwing
 + Level 1.7 Armour
 + Level 4.9 Dodging
 + Level 4.5 Stealth
 + Level 1.7 Shields
 + Level 1.7 Unarmed Combat
 + Level 5.2 Spellcasting
 + Level 1.3 Conjurations
 + Level 1.3 Hexes
 + Level 1.3 Summonings
 + Level 7.2 Necromancy
 + Level 1.3 Translocations
 + Level 1.3 Transmutations
 + Level 1.3 Fire Magic
 + Level 1.3 Ice Magic
 + Level 1.3 Air Magic
 + Level 1.3 Earth Magic
 + Level 1.3 Poison Magic
 + Level 1.9 Invocations
 + Level 1.7 Evocations


You had 10 spell levels left.
You knew the following spells:

 Your Spells              Type           Power      Damage    Failure   Level
a - Necrotise             Necr           100%       1d9       1%          1
b - Vampiric Draining     Necr           37%        2d8       1%          3

Your spell library contained the following spells:

 Spells                   Type           Power      Damage    Failure   Level
 Sublimation of Blood     Necr           37%        N/A       1%          2
 Animate Dead             Necr           37%        N/A       4%          4
 Wereblood                Tmut           11%        N/A       9%          2
 Agony                    Necr           37%        N/A       14%         5
 Ozocubu's Armour         Ice            11%        N/A       17%         3
 Borgnjor's Vile Clutch   Necr/Erth      12%        N/A       43%         5
 Alistair's Intoxication  Tmut/Pois      7%         N/A       83%         5
 Eringya's Noxious Bog    Tmut/Pois      5%         N/A       100%        6
 Ozocubu's Refrigeration  Ice            5%         4d8       100%        7
 Summon Hydra             Summ           5%         N/A       100%        7


Dungeon Overview and Level Annotations

Branches:
Dungeon (2/15)

Altars:
Sif Muna

Annotations:
D:2 Crazy Yiuf


Innate Abilities, Weirdness & Mutations

You have very sharp teeth.
Your uncanny sense of smell can sniff out nearby items.
Your experience applies equally to all skills.


Message History

Crazy Yiuf writhes in agony.
Crazy Yiuf closely misses you.
Casting: Necrotise (safe; 1% risk of failure)
Confirm with . or Enter, or press ? or * to list all spells.
Aiming: Necrotise (safe; 1% risk of failure)
Press: ? - help, Shift-Dir - straight line, f/p - Crazy Yiuf
Aim: Crazy Yiuf, wielding a +4 quarterstaff of chaos and wearing a +0 cloak (lightly wounded, chance to affect: 88%) Crazy Yiuf writhes in agony.
Crazy Yiuf closely misses you.
Casting: Necrotise (safe; 1% risk of failure)
Confirm with . or Enter, or press ? or * to list all spells.
Aiming: Necrotise (safe; 1% risk of failure)
Press: ? - help, Shift-Dir - straight line, f/p - Crazy Yiuf
Aim: Crazy Yiuf, wielding a +4 quarterstaff of chaos and wearing a +0 cloak (moderately wounded, chance to affect: 88%) Crazy Yiuf barely resists.
Crazy Yiuf hits you with a +4 quarterstaff of chaos!
You are electrocuted!
* * * LOW HITPOINT WARNING * * *
Casting: Necrotise (safe; 1% risk of failure)
Confirm with . or Enter, or press ? or * to list all spells.
Aiming: Necrotise (safe; 1% risk of failure)
Press: ? - help, Shift-Dir - straight line, f/p - Crazy Yiuf
Aim: Crazy Yiuf, wielding a +4 quarterstaff of chaos and wearing a +0 cloak (moderately wounded, chance to affect: 88%) Crazy Yiuf writhes in agony.
Crazy Yiuf closely misses you.
Casting: Necrotise (safe; 1% risk of failure)
Confirm with . or Enter, or press ? or * to list all spells.
Aiming: Necrotise (safe; 1% risk of failure)
Press: ? - help, Shift-Dir - straight line, f/p - Crazy Yiuf
Aim: Crazy Yiuf, wielding a +4 quarterstaff of chaos and wearing a +0 cloak (heavily wounded, chance to affect: 88%) Crazy Yiuf writhes in agony.
Crazy Yiuf hits you with a +4 quarterstaff of chaos!
* * * LOW HITPOINT WARNING * * *
You feel protected.
Casting: Necrotise (safe; 1% risk of failure)
Confirm with . or Enter, or press ? or * to list all spells.
Aiming: Necrotise (safe; 1% risk of failure)
Press: ? - help, Shift-Dir - straight line, f/p - Crazy Yiuf
Aim: Crazy Yiuf, wielding a +4 quarterstaff of chaos and wearing a +0 cloak (heavily wounded, chance to affect: 88%) Crazy Yiuf writhes in agony!
Crazy Yiuf says, "Cards!
Lay meccalolo sallow."
Crazy Yiuf hits you with a +4 quarterstaff of chaos!
You die...

#....# #.#
#.. #....#
#.# #..
♣....♣
#.##### #..
♣...♣♣
##.....###..
♣♣.♣♣
#)......##..
♣.♣♣
#....>...#..
♣♣.♣
#........#..
♣.♣♣
#........#..
♣♣@♣
#........###
#g#
#........##.
...
#...........
#...#
#...........
#..)#
#...........
#####
#...........
#........#..
#...........
#........###


You could see Crazy Yiuf.

Vanquished Creatures
  Sigmund (D:2)
  A dart slug (D:1)
  2 endoplasms
  4 goblins
  4 hobgoblins
  2 kobolds
  4 quokkas
  3 ball pythons
  3 bats
  2 rats
26 creatures vanquished.

Vanquished Creatures (collateral kills)
  2 ball pythons
  An endoplasm (D:1)
  A giant cockroach (D:2)
4 creatures vanquished.

Grand Total: 30 creatures vanquished

Notes
Turn   | Place    | Note
-------+----------+-------------------------------------------
     0 | D:1      | Unglued128 the Gnoll Necromancer began the quest for the
                  | Orb.
     0 | D:1      | Reached XP level 1. HP: 13/13 MP: 6/6
   129 | D:1      | Reached XP level 2. HP: 19/19 MP: 5/7
   730 | D:2      | Found a shimmering blue altar of Sif Muna.
   776 | D:2      | Reached skill level 5 in Spellcasting
   776 | D:2      | Reached XP level 3. HP: 25/25 MP: 4/9
   969 | D:2      | Found a runed translucent door.
   970 | D:2      | Noticed Crazy Yiuf
  1094 | D:2      | Reached skill level 1 in Invocations
  1131 | D:2      | Noticed Sigmund
  1136 | D:2      | Learned a level 3 spell: Vampiric Draining
  1156 | D:2      | Killed Sigmund
  1157 | D:2      | Reached skill level 1 in Fighting
  1157 | D:2      | Reached skill level 1 in Short Blades
  1157 | D:2      | Reached skill level 1 in Long Blades
  1157 | D:2      | Reached skill level 1 in Axes
  1157 | D:2      | Reached skill level 1 in Maces & Flails
  1157 | D:2      | Reached skill level 1 in Polearms
  1157 | D:2      | Reached skill level 1 in Staves
  1157 | D:2      | Reached skill level 1 in Ranged Weapons
  1157 | D:2      | Reached skill level 1 in Throwing
  1157 | D:2      | Reached skill level 1 in Armour
  1157 | D:2      | Reached skill level 1 in Shields
  1157 | D:2      | Reached skill level 1 in Unarmed Combat
  1157 | D:2      | Reached skill level 1 in Conjurations
  1157 | D:2      | Reached skill level 1 in Hexes
  1157 | D:2      | Reached skill level 1 in Summonings
  1157 | D:2      | Reached skill level 1 in Translocations
  1157 | D:2      | Reached skill level 1 in Transmutations
  1157 | D:2      | Reached skill level 1 in Fire Magic
  1157 | D:2      | Reached skill level 1 in Ice Magic
  1157 | D:2      | Reached skill level 1 in Air Magic
  1157 | D:2      | Reached skill level 1 in Earth Magic
  1157 | D:2      | Reached skill level 1 in Poison Magic
  1157 | D:2      | Reached skill level 1 in Evocations
  1157 | D:2      | Reached XP level 4. HP: 5/33 MP: 7/11
  1157 | D:2      | Reached XP level 5. HP: 6/38 MP: 7/12
  1452 | D:2      | Slain by Crazy Yiuf

Illustrated notes

Levels and vault maps discovered:
D:1:      sevenhm_arrival_forest_fort_large_2, layout_rooms,
          kennysheep_decorative_pillar, hex_large, kennysheep_flooded_box,
          minmay_tall_x
D:2:      layout_rooms, basic_altar, uniq_crazy_yiuf_cottage, uniq_sigmund

Skill      XL: |  1  2  3 |
---------------+----------+-----
Spellcasting   | 5 |  5.2
Invocations    | 1 |  1.9
Fighting       | 1 |  1.7
Short Blades   | 1 |  1.7
Long Blades    | 1 |  1.7
Axes           | 1 |  1.7
Maces & Flails | 1 |  1.7
Polearms       | 1 |  1.7
Staves         | 1 |  1.7
Ranged Weapons | 1 |  1.7
Throwing       | 1 |  1.7
Armour         | 1 |  1.7
Shields        | 1 |  1.7
Unarmed Combat | 1 |  1.7
Conjurations   | 1 |  1.3
Hexes          | 1 |  1.3
Summonings     | 1 |  1.3
Translocations | 1 |  1.3
Transmutations | 1 |  1.3
Fire Magic     | 1 |  1.3
Ice Magic      | 1 |  1.3
Air Magic      | 1 |  1.3
Earth Magic    | 1 |  1.3
Poison Magic   | 1 |  1.3
Evocations     | 1 |  1.7
Dodging        | |  4.9
Stealth        | |  4.5
Necromancy     | |  7.2

Action                     |  1- 3 |  4- 6 || total
---------------------------+-------+-------++-------
  Melee: Whip              |     6 |       ||     6
  Throw: Dart              |     4 |       ||     4
   Cast: Necrotise         |    41 |     7 ||    48
    Use: Potion            |     1 |       ||     1
 Armour: Robe              |     7 |       ||     7
  Dodge: Dodged            |    17 |     3 ||    20
